 Dungeon Crawl Stone Soup version 0.21-a0-225-g207ae17 (webtiles) character file.

175 tidbits the Changer (level 5, -4/38 HPs)
             Began as a Draconian Wanderer on Aug 28, 2017.
             Was an Initiate of Cheibriados.
             Slain by an ice beast (14 damage)
             ... on level 3 of the Dungeon.
             The game lasted 00:18:02 (1712 turns).

tidbits the Changer (Draconian Wanderer)            Turns: 1712, Time: 00:18:03

Health: -4/38      AC: 12    Str: 14    XL:     5   Next: 29%
Magic:  3/9        EV: 11    Int: 17    God:    Cheibriados [......]
Gold:   92         SH:  0    Dex: 10    Spells: 1/10 levels left

rFire    . . .     SeeInvis .     - Unarmed
rCold    . . .     Gourm    .   (no shield)
rNeg     . . .     Faith    .   (armour unavailable)
rPois    .         Spirit   .   (helmet restricted)
rElec    .         Reflect  .   C - +1 cloak
rCorr    .         Harm     .   (no gloves)
MR       .....                  (no boots)
Stlth    +.........             (no amulet)
HPRegen  0.12/turn              (no ring)
MPRegen  0.11/turn              (no ring)

@: icy armour, appendage, very slow
A: unfitting armour, horns 2, cold-blooded, AC +5
a: End Transformation, Bend Time, Renounce Religion


You were on level 3 of the Dungeon.
You worshipped Cheibriados.
Cheibriados was noncommittal.
You were not hungry.
You had grown temporary horns.
You visited 1 branch of the dungeon, and saw 4 of its levels.

You collected 92 gold pieces.

Inventory:

Hand Weapons
 b - a +1 blowgun
 e - a +0 club
 k - a +0 mace
 s - a +2 short sword of freezing
   (You took it off a kobold on level 3 of the Dungeon)
Missiles
 c - 21 poisoned needles
 g - 22 sling bullets
 h - 56 stones (quivered)
 l - 4 arrows
 n - 35 bolts
Armour
 C - a +1 cloak (worn)
Scrolls
 o - a scroll of magic mapping {unknown}
 p - a scroll of teleportation {unknown}
 q - 2 scrolls of remove curse {unknown}
Potions
 j - a potion of cancellation
 m - a potion of agility {unknown}
 r - a potion of magic
 u - a potion of mutation {unknown}
Books
 a - a book of Changes

   Spells                             Type                      Level
   a - Beastly Appendage              Transmutation                1
   b - Sticks to Snakes               Transmutation                2
   c - Spider Form                    Transmutation/Poison         3
   d - Ice Form                       Ice/Transmutation            4
   e - Blade Hands                    Transmutation                5
 d - the Catalogue of the Frostbite

   Spells                             Type                      Level
   a - Freeze                         Ice                          1
   b - Ozocubu's Armour               Charms/Ice                   3
Comestibles
 f - 5 bread rations
 i - 4 chunks of flesh
 t - a royal jelly


   Skills:
 - Level 1.7 Throwing
 - Level 4.0 Unarmed Combat
 - Level 3.1 Spellcasting
 + Level 0.3 Charms
   Level 2.0 Translocations
 - Level 4.0 Transmutations
 + Level 0.4 Ice Magic


You had one spell level left.
You knew the following spells:

 Your Spells              Type           Power        Failure   Level  Hunger
e - Beastly Appendage     Tmut           ###...       3%          1    None
k - Sticks to Snakes      Tmut           ###.....     4%          2    ##.....
o - Ozocubu's Armour      Chrm/Ice       #.......     41%         3    ###....
p - Spider Form           Tmut/Pois      #.........   22%         3    ###....


Dungeon Overview and Level Annotations

Branches:
Dungeon (4/15)
 Temple: D:4-7

Altars:
Cheibriados
Dithmenos
Okawaru
Ru
Vehumet
The Shining One


Innate Abilities, Weirdness & Mutations

Your plain brown scales are hard. (AC +5)
You cannot fit into any form of body armour.
You are cold-blooded and may be slowed by cold attacks.
You have a pair of horns on your head.


Message History

Your magical contamination has completely faded away.
Casting: Beastly Appendage
Confirm with . or Enter, or press ? or * to list all spells.
You grow a pair of large bovine horns.
The bat misses you. The bat barely misses you.
You closely miss the bat. Your punch misses the bat.
The bat hits you but does no damage. The bat closely misses you.
You hit the bat. You tail-slap the bat.
You kill the bat!
Cheibriados thoroughly appreciates the change of pace.
t - a royal jelly Your transformation is almost over.
You are feeling hungry.
Eat one of 2 chunks of flesh? (ye/n/q)
You eat one of the 2 chunks of flesh.
This raw flesh tastes terrible.
Your horns disappear.
Magic restored.
The hobgoblin shouts!
Casting: Beastly Appendage
Confirm with . or Enter, or press ? or * to list all spells.
You miscast Spider Form.
You are very lightly contaminated with residual magic.
Wisps of poison gas drift from your hands.
Casting: Spider Form
Confirm with . or Enter, or press ? or * to list all spells.
You turn into a venomous arachnid creature.
Your +1 cloak melds into your body.
You hit the hobgoblin.
You kill the hobgoblin!
Cheibriados appreciates the change of pace.
Your transformation is almost over.
u - a metallic inky potion
q - 2 scrolls labeled WYMECUCZUO (gained 1)
You now have 92 gold pieces (gained 5).
Things that are here:
a club; a hobgoblin corpse You butcher the hobgoblin corpse.
i - 5 chunks of flesh (gained 4)
Things that are here:
a club; a hobgoblin skeleton Your transformation has ended.
Your +1 cloak unmelds from your body.
Found an escape hatch in the floor.
Found a yellow potion.
There is an escape hatch in the floor here.
The ice beast is too close now for your liking.
Casting: Spider Form
Confirm with . or Enter, or press ? or * to list all spells.
A film of ice covers your body!
Casting: Ozocubu's Armour
Confirm with . or Enter, or press ? or * to list all spells.
You don't have enough magic to cast that spell.
Casting: Ozocubu's Armour
Confirm with . or Enter, or press ? or * to list all spells.
You grow a pair of large bovine horns.
You closely miss the ice beast. The ice beast hits you.
The ice beast freezes you!
You feel yourself slow down.
You hit the ice beast.
You tail-slap the ice beast, but do no damage.
The ice beast is moderately wounded.
The ice beast hits you but does no damage.
Some of the chunks of flesh in your inventory have rotted away.
You hit the ice beast. Your headbutt misses the ice beast.
Your tail-slap misses the ice beast.
The ice beast is moderately wounded.
You feel yourself speed up.
The ice beast hits you but does no damage.
The ice beast barely misses you.
Your magical contamination has completely faded away.
You barely miss the ice beast. You punch the ice beast.
The ice beast is heavily wounded.
The ice beast hits you but does no damage.
You hit the ice beast but do no damage.
The ice beast is heavily wounded.
The ice beast hits you but does no damage.
You barely miss the ice beast. You headbutt the ice beast.
Your punch misses the ice beast.
The ice beast is heavily wounded.
You hit the ice beast but do no damage.
Your tail-slap misses the ice beast.
The ice beast is heavily wounded.
The ice beast closely misses you.
You barely miss the ice beast. You tail-slap the ice beast.
The ice beast is severely wounded.
The ice beast completely misses you.
You closely miss the ice beast.
You headbutt the ice beast, but do no damage.
The ice beast is severely wounded.
The ice beast hits you. The ice beast freezes you!
You feel yourself slow down.
* * * LOW HITPOINT WARNING * * *
You closely miss the ice beast. Your headbutt misses the ice beast.
The ice beast is severely wounded.
The ice beast closely misses you.
The ice beast hits you but does no damage.
You closely miss the ice beast.
The ice beast is heavily wounded.
You feel yourself speed up. The ice beast hits you.
* * * LOW HITPOINT WARNING * * *
The ice beast freezes you!
You die...

#####.# #.# .# #####
.#....###.####.# .....
.....
....#.)........###....
.....
....#.###.####.#.....
...## ..................
. . ..
...##....#.###.#.#.# #.#
##
....#....#.....#.#.#....
+.
#.#.#....#..#>...Y..!...
##
#.#.##..##..#...@.......
..#.##..##..............
...##
..#.##..##.#.#..........
.....
..#.##..##.#.#..........
.###.
#.#.#<.......#.#.##.####
....
#.#.###...............
.... #.#.# #......#.#.##
... ... ....#
#..........###### ..
#.### #.....#.........#
.


You could see an ice beast.

Vanquished Creatures
  A scorpion (D:4)
  An iguana (D:4)
  3 adders
  An ooze (D:1)
  4 dart slugs
  A leopard gecko (D:1)
  10 bats
  A giant cockroach (D:2)
  5 goblins
  4 hobgoblins
  11 jackals
  A ball python (D:2)
  5 frilled lizards
  6 kobolds
  5 rats
59 creatures vanquished.

Vanquished Creatures (collateral kills)
  A leopard gecko (D:3)
  A jackal (D:3)
2 creatures vanquished.

Grand Total: 61 creatures vanquished

Notes
Turn   | Place    | Note
-------+----------+-------------------------------------------
     0 | D:1      | tidbits the Draconian Wanderer began the quest for the Orb.
     0 | D:1      | tidbits set off with: a book of Changes, the Catalogue of the Frostbite, 10 poisoned needles, a +0 blowgun, a bread ration
     0 | D:1      | Reached XP level 1. HP: 14/14 MP: 3/3
     0 | D:1      | Identified the Catalogue of the Frostbite
     2 | D:1      | Learned a level 1 spell: Beastly Appendage
    19 | D:1      | Reached skill level 1 in Unarmed Combat
   114 | D:1      | Reached XP level 2. HP: 14/20 MP: 5/5
   118 | D:1      | Learned a level 2 spell: Sticks to Snakes
   197 | D:1      | Reached skill level 2 in Unarmed Combat
   466 | D:1      | Reached XP level 3. HP: 25/26 MP: 4/6
   477 | D:1      | Learned a level 3 spell: Spider Form
   782 | D:2      | Reached skill level 3 in Unarmed Combat
  1073 | D:2      | Reached XP level 4. HP: 10/33 MP: 3/7
  1131 | D:3      | Found a shadowy altar of Dithmenos.
  1212 | D:3      | Noticed an ice beast
  1379 | D:2      | Found a glowing golden altar of the Shining One.
  1379 | D:2      | Found an iron altar of Okawaru.
  1384 | D:2      | Found a sacrificial altar of Ru.
  1386 | D:2      | Found a radiant altar of Vehumet.
  1387 | D:2      | Found a snail-covered altar of Cheibriados.
  1391 | D:2      | Became a worshipper of Cheibriados the Contemplative
  1502 | D:4      | Reached skill level 3 in Spellcasting
  1502 | D:4      | Reached XP level 5. HP: 31/38 MP: 2/9
  1504 | D:4      | Reached skill level 4 in Unarmed Combat
  1513 | D:4      | Learned a level 3 spell: Ozocubu's Armour
  1539 | D:4      | Noticed a phantom
  1712 | D:3      | Slain by an ice beast

Vault maps used:
D:1:      scummos_arrival_simple_fountains
D:2:      chequers_temple_overflow_minitemple, first_bread, grunt_ministairs_10,
          minmay_randomly_rotated_circles
D:3:      lemuel_doored_altar
D:4:      portal_sewer_entry_f, serial_shops, shop_coins, uniq_eustachio

Skill      XL: |  1  2  3  4  5 |
---------------+----------------+-----
Unarmed Combat | 1 2 3 4 |  4.0
Spellcasting   | 3 |  3.1
Throwing       | |  1.7
Charms         | |  0.3
Translocations | |  2.0
Transmutations | |  4.0
Ice Magic      | |  0.4

Action                   |  1- 3 |  4- 6 || total
-------------------------+-------+-------++-------
Melee: Unarmed           |   144 |    57 ||   201
       Kick              |    10 |     1 ||    11
       Tailslap          |     4 |     4 ||     8
       Punch             |     1 |     1 ||     2
       Headbutt          |     3 |     2 ||     5
 Fire: Blowgun           |    25 |     2 ||    27
Throw: Stone             |     1 |       ||     1
 Cast: Beastly Appendage |    18 |     6 ||    24
       Spider Form       |     7 |     5 ||    12
       Sticks to Snakes  |     1 |     7 ||     8
       Ozocubu's Armour  |       |     1 ||     1
  Use: Scroll            |     6 |     1 ||     7
       Potion            |     1 |       ||     1
  Eat: Chunk             |     2 |     4 ||     6
Armor: Skin              |    74 |    16 ||    90
Dodge: Dodged            |   126 |    40 ||   166

Table legend:
 A = Spawn XP
 B = Non-spawn XP
 C = Spawn XP percentage of total XP
 D = Spawn monster count
 E = Non-spawn monster count
 F = Spawn count percentage of total count
 G = Total turns spent on level
                    A         B        C        D         E        F      G
               +---------+---------+-------+---------+---------+-------+---------
         Total |       3 |     247 |   1.2 |       3 |      58 |   4.9 |  1712
               +---------+---------+-------+---------+---------+-------+---------
           D:1 |       2 |      46 |   4.2 |       2 |      20 |   9.1 |   572
           D:2 |       1 |      55 |   1.8 |       1 |      25 |   3.8 |   701
           D:3 |       0 |      31 |   0.0 |       0 |      10 |   0.0 |   376
           D:4 |       0 |     115 |   0.0 |       0 |       3 |   0.0 |    63
               +---------+---------+-------+---------+---------+-------+---------

Table legend:
 A = Turns spent in this place as a percentage of turns spent in the entire game.
 B = Non-inter-level travel turns spent in this place as a percentage of non-inter-level travel turns spent in the entire game.
 C = Inter-level travel turns spent in this place as a percentage of turns spent in this place.
 D = Turns resting spent in this place as a percentage of non-inter-level travel turns spent in this place.
 E = Turns spent auto-exploring this place as a percentage of non-inter-level travel turns spent in this place.
 F = Non-inter-level travel turns spent in this place divided by the number of levels of this place that you've seen.
                   A       B       C       D       E      F
               +-------+-------+-------+-------+-------+----------------------
         Total | 100.0 | 100.0 |   4.6 |   0.0 |   0.0 | 408.2
       Dungeon | 100.0 | 100.0 |   4.6 |   0.0 |   0.0 | 408.2
               +-------+-------+-------+-------+-------+----------------------

Table legend:
 A = Kills in this place as a percentage of kills in entire the game.
 B = Kills by you in this place as a percentage of kills by you in the entire game.
 C = Kills by friends in this place as a percentage of kills by friends in the entire game.
 D = Other kills in this place as a percentage of other kills in the entire game.
 E = Experience gained in this place as a percentage of experience gained in the entire game.
 F = Experience gained in this place divided by the number of levels of this place that you have seen.
                   A       B       C       D       E      F
               +-------+-------+-------+-------+-------+----------------------
         Total | 100.0 | 100.0 | 100.0 |   N/A | 100.0 |  62.5
       Dungeon | 100.0 | 100.0 | 100.0 |   N/A | 100.0 |  62.5
               +-------+-------+-------+-------+-------+----------------------

Vault maps used:
D:1:      scummos_arrival_simple_fountains
D:2:      chequers_temple_overflow_minitemple, first_bread, grunt_ministairs_10,
          minmay_randomly_rotated_circles
D:3:      lemuel_doored_altar
D:4:      portal_sewer_entry_f, serial_shops, shop_coins, uniq_eustachio
